 Dungeon Crawl Stone Soup version 0.18-a0-1435-gee79d65 (webtiles) character file.

225749 seren the Tortoise (level 18, -2/168 HPs)
             Began as a Minotaur Fighter on Feb 27, 2016.
             Was a High Priest of Okawaru.
             Blown up by an orb spider (54 damage)
             ... with an orb of destruction
             ... on level 4 of the Spider Nest on Feb 28, 2016.
             The game lasted 04:25:20 (40353 turns).

seren the Tortoise (Minotaur Fighter)              Turns: 40353, Time: 04:25:21

Health: -2/168     AC: 31    Str: 24    XL:     18   Next: 63%
Magic:  24/27      EV: 20    Int:  9    God:    Okawaru [*****.]
Gold:   1936       SH:  0    Dex: 24    Spells: 1 memorised, 16 levels left

rFire  . . .     SeeInvis +     k - +0 great mace (holy)
rCold  . . .     Gourm    +     a - +1 plate armour of Reitoza {rN+ Dex+2}
rNeg   + . .     Faith    .     (shield currently unavailable)
rPois  +         Spirit   .     s - +0 mask of the Dragon {MR+ Slay+3 SInv}
rElec  .         Dismiss  .     r - +2 cloak {MR+}
rCorr  +         Reflect  .     T - +2 pair of gloves {Dex+3}
SustAt .         Harm     .     i - +3 pair of boots of Fore Okhetz {+Blink MR+}
MR     +++++                    A - amulet of Axukkim {Gourm rPois Int+4 Dex+4 SInv}
Stlth  ..........               Z - ring of resist corrosion
                                y - ring of protection from magic

@: finesse, almost entirely resistant to hostile enchantments, extremely
unstealthy
A: retaliatory headbutt, horns 2
a: Heroism, Finesse, Renounce Religion, Evoke Blink
}: 1/15 runes: barnacled


You were on level 4 of the Spider Nest.
You worshipped Okawaru.
Okawaru was extremely pleased with you.
You were not hungry.

You visited 6 branches of the dungeon, and saw 34 of its levels.
You also visited: Labyrinth.

You collected 3530 gold pieces.
You spent 1594 gold pieces at shops.

Inventory:

Hand Weapons
 k - a +0 great mace of holy wrath (weapon)
 M - a +5 whip of electrocution
Missiles
 Q - 53 javelins (quivered)
 V - 6 javelins of penetration
Armour
 a - the +1 plate armour of Reitoza (worn) {rN+ Dex+2}
   (You found it on level 6 of the Dungeon)

   It affects your dexterity (+2).
   It protects you from negative energy.
 i - the +3 pair of boots of Fore Okhetz (worn) {+Blink MR+}
   (You bought it in a shop on level 4 of the Shoals)

   It affects your resistance to hostile enchantments.
   It lets you blink.
 r - a +2 cloak of magic resistance (worn)
 s - the +0 mask of the Dragon (worn) {MR+ Slay+3 SInv}
   (You bought it in a shop on level 2 of the Orcish Mines)

   It affects your accuracy and damage with ranged weapons and melee attacks
   (+3).
   It affects your resistance to hostile enchantments.
   It lets you see invisible.
 S - a +1 buckler of cold resistance
 T - a +2 pair of gloves of dexterity (worn)
Jewellery
 c - the ring of Yprit {rElec rN+ Stlth+}
   (You found it on level 4 of the Shoals)

   [ring of positive energy]

   It insulates you from electricity.
   It protects you from negative energy.
   It makes you more stealthy.
 e - a +3 amulet of reflection
 u - the amulet of Semytef {Dismiss Dex+7}
   (You found it on level 3 of the Spider Nest)

   [amulet of dismissal]

   It may teleport away creatures that harm you.
   It affects your dexterity (+7).
 v - an uncursed amulet of regeneration
 y - a ring of protection from magic (left hand)
 A - the amulet of Axukkim (around neck) {Gourm rPois Int+4 Dex+4 SInv}
   (You took it off a centaur on level 4 of the Shoals)

   [amulet of the gourmand]

   It allows you to eat raw meat even when not hungry.
   It affects your intelligence (+4).
   It affects your dexterity (+4).
   It protects you from poison.
   It lets you see invisible.
 K - an uncursed ring of ice
 X - the ring of the Heavens {SustAt rF+}
   (You took it off a merfolk on level 4 of the Shoals)

   [ring of sustain attributes]

   It sustains your strength, intelligence and dexterity.
   It protects you from fire.
 Z - a ring of resist corrosion (right hand)
Wands
 g - a wand of iceblast (4/15)
 x - a wand of disintegration (13/24)
 N - a wand of enslavement (16/24)
 O - a wand of heal wounds (4/9)
 W - a wand of lightning (8/15)
Scrolls
 h - 3 scrolls of immolation
 l - 3 scrolls of identify
 m - a scroll of recharging
 p - 6 scrolls of teleportation
 w - 5 scrolls of magic mapping
 z - a scroll of silence
 B - a scroll of fear
 E - 2 scrolls of torment
 F - 2 scrolls of fog
 H - 4 scrolls of enchant weapon
 J - 11 scrolls of remove curse
 L - 2 scrolls of blinking
 Y - a scroll of summoning
Potions
 d - 3 potions of magic
 j - 3 potions of haste
 n - a potion of flight
 q - 7 potions of curing
 t - a potion of experience {unknown}
 C - a potion of cancellation
 G - 5 potions of heal wounds
 I - 3 potions of lignification
 U - 2 potions of resistance
Comestibles
 f - 12 bread rations
 o - 15 fruits
 R - a meat ration


   Skills:
 - Level 16.5 Fighting
 + Level 16.3 Maces & Flails
 - Level 8.2 Throwing
 - Level 17.0 Armour
 + Level 14.5 Dodging
 - Level 10.1 Shields
 - Level 9.0 Invocations
 + Level 13.5 Evocations


You had 16 spell levels left.
You knew the following spells:

 Your Spells              Type           Power        Failure   Level  Hunger
a - Apportation           Tloc           #.........   100%        1    ##.....


Dungeon Overview and Level Annotations

Branches:
Dungeon (15/15)            Temple (1/1) D:4            Lair (8/8) D:8
 Shoals (4/4) Lair:6       Spider (4/4) Lair:3        Slime (0/6) Lair:7
    Orc (2/2) D:11            Elf (0/3) Orc:2        Vaults (0/5) D:13
 Depths (0/5) D:15

Altars:
Ashenzari
Cheibriados
Dithmenos
Elyvilon
Fedhas
Gozag
Kikubaaqudgha
Makhleb
Nemelex Xobeh
Okawaru
Pakellas
Qazlal
Ru
Sif Muna
Trog
Vehumet
Xom
Yredelemnul
Zin
The Shining One
Beogh

Shops:
D:13 }   Orc:1 :*   Orc:2 :*([   Shoals:4 [

Annotations:
D:2 exclusion: downstairs
D:3 exclusion: downstairs
D:4 Grinder
Lair:5 exclusion: player ghost
Spider:2 exclusion: 2 oklob plants


Innate Abilities, Weirdness & Mutations

You reflexively headbutt those who attack you in melee.
You have a pair of horns on your head.


Message History

You feel like a meek peon again. The orb of destruction hits you!
The orb spider weaves a glowing orb of energy.
An orb of destruction comes into view.
Throwing (i - inventory. (,) - cycle):
Q - 54 javelins (quivered)
Press: ? - help, Shift-Dir - straight line, f - orb spider
Aim: an orb spider (clinging)
You throw a javelin. The javelin hits the orb spider!!
The orb spider is severely wounded.
The orb of destruction hits you! The orb of destruction hits you!
The orb spider pulsates with a strange energy.
The orb spider begins to weave its threads into a brightly glowing ball.
You found a web!
The orb spider weaves a glowing orb of energy.
An orb of destruction comes into view.
The orb spider weaves a glowing orb of energy.
An orb of destruction comes into view.
The orb of destruction hits you!
You die...

.# .###
...(....###
..^..........##
.........#.....#
...............
.........(.$.^#
.......#s(s.#.#
.....#.s§....#
.#.....%.§§@.#
..........§..##
...........§*.#
..#......^^..##
#.......#.##)#
..##...####### .
##.# ##


You could see 3 orb spiders.

Vanquished Creatures
  Norris (Spider:3)
  Agnes (Spider:2)
  Kirke (Shoals:3)
  Ilsuiw (Shoals:4)
  Maud (D:14)
  A frost giant (Shoals:2)
  5 emperor scorpions
  A ghost moth (Spider:3)
  A stone giant (Orc:2)
  The ghost of Fabri the Fencer, a journeyman NaWz of Gozag (Lair:5)
  Nessos (D:14)
  A minotaur (Lab)
  6 merfolk javelineers
  3 ettins (Orc:2)
  13 merfolk impalers
  4 entropy weavers
  2 fire dragons (D:15)
  Harold (D:11)
  10 hydras
  7 merfolk aquamancers
  A death knight (D:11)
  Erolcha (D:8)
  Erica (Orc:1)
  3 catoblepae (Lair:8)
  6 merfolk avatars
  4 satyrs
  2 dancing weapons (D:13)
  3 centaur warriors
  14 death yaks (Lair:8)
  2 tengu warriors (D:15)
  The ghost of Goblin1989 the Cleaver, a novice DsGl of Makhleb (D:11)
  An orc high priest (Orc:2)
  A wizard (D:15)
  4 skeletal warriors (D:15)
  The ghost of Tomstefer the Grappler, a novice VSMo of Ashenzari (D:9)
  2 unseen horrors (D:15)
  7 sea snakes
  2 harpies (Shoals:4)
  A lindwurm (Lair:7)
  Pikel (D:6)
  2 orc knights
  5 hill giants
  14 ugly things (D:14)
  25 wolf spiders
  The ghost of ConnectionFaild the Scholar of Death, a novice DDNe of Kikubaaqudgha (D:7)
  An orc sorcerer (Orc:2)
  2 hornets
  20 fauns
  13 orb spiders
  2 water nymphs
  11 griffons
  10 manticores
  A moth of wrath (Spider:4)
  16 elephants
  Joseph (D:10)
  18 cyclopes
  2 torpor snails
  10 black mambas
  17 spiny frogs
  3 gargoyles (D:11)
  16 sirens
  A rime drake (Lair:8)
  15 komodo dragons
  5 demonic crawlers
  An efreet (D:15)
  A wind drake (Shoals:4)
  39 merfolk
  2 two-headed ogres (D:13)
  A queen bee (Spider:1)
  A polar bear (Lair:5)
  8 trolls
  33 jumping spiders
  A hornet zombie (D:15)
  9 slime creatures
  46 blink frogs
  9 snapping turtles
  56 redbacks
  A centaur simulacrum (D:15)
  2 wraiths (D:13)
  A vampire (D:13)
  83 yaks
  A shadow (D:13)
  Sigmund (D:3)
  12 water elementals
  22 tarantellas
  5 hogs (Shoals:3)
  A basilisk (Lair:4)
  A hippogriff (shapeshifter) (D:15)
  20 hippogriffs
  A mottled dragon (D:14)
  16 wolves
  A soldier ant (D:13)
  9 water moccasins
  A slave (D:6)
  5 ice beasts
  10 porcupines
  23 orc warriors
  2 sky beasts
  4 eyes of draining
  A wasp (D:12)
  A necrophage (D:11)
  14 centaurs
  3 phantoms
  7 ogres
  19 crocodiles
  2 big kobolds
  Blork the orc (D:6)
  20 giant frogs
  A wyvern zombie (D:10)
  5 scorpions
  A water moccasin skeleton (D:8)
  9 killer bees (Spider:1)
  4 wights (D:14)
  14 howler monkeys
  An electric eel (Spider:1)
  5 centaur zombies
  5 crimson imps
  5 giant frog skeletons
  12 orc priests
  7 hounds
  17 jellies
  A centaur skeleton (D:11)
  2 giant frog zombies
  20 orc wizards
  Crazy Yiuf (D:6)
  Jessica (D:4)
  14 iguanas
  9 worker ants
  39 sheep
  A hound skeleton (D:11)
  Robin (D:2)
  A howler monkey skeleton (D:4)
  4 gnolls
  12 adders
  53 river rats
  4 oozes
  2 adder zombies
  2 adder skeletons
  4 worms
  A dart slug (D:1)
  5 giant geckos
  110 orcs
  2 ball pythons (D:1)
  5 bats
  6 giant cockroaches
  20 goblins
  9 hobgoblins
  9 jackals
  19 kobolds
  3 quokkas
  5 giant newts
  A quokka skeleton (D:9)
  12 rats
  2 fungi
  7 plants
1301 creatures vanquished.

Vanquished Creatures (others)
  A merfolk aquamancer (Shoals:4)
  A wolf spider (Spider:2)
  A siren (Shoals:3)
  A water elemental (Shoals:4)
  A sky beast (D:6)
  A worker ant (D:6)
  An adder (D:6)
  21 fungi
  18 plants
46 creatures vanquished.

Grand Total: 1347 creatures vanquished

Notes
Turn   | Place    | Note
--------------------------------------------------------------
     0 | D:1      | seren the Minotaur Fighter began the quest for the Orb.
     0 | D:1      | Reached XP level 1. HP: 19/19 MP: 0/0
   257 | D:1      | Reached XP level 2. HP: 23/26 MP: 1/1
   896 | D:1      | Reached skill level 1 in Dodging
  1047 | D:2      | Reached XP level 3. HP: 31/31 MP: 2/2
  1939 | D:2      | Reached XP level 4. HP: 39/39 MP: 3/3
  2099 | D:2      | Reached skill level 5 in Maces & Flails
  2145 | D:2      | Noticed Robin
  2182 | D:2      | Killed Robin
  2492 | D:3      | Noticed Sigmund
  2600 | D:4      | Noticed Grinder
  2702 | D:4      | Reached XP level 5. HP: 26/45 MP: 4/4
  2856 | D:4      | Found a stormy altar of Qazlal.
  2876 | D:3      | Killed Sigmund
  2876 | D:3      | Reached XP level 6. HP: 51/51 MP: 5/5
  3888 | D:5      | Entered Level 5 of the Dungeon
  4214 | D:5      | Reached XP level 7. HP: 45/57 MP: 6/6
  5107 | D:6      | Noticed Pikel
  5199 | D:6      | Reached skill level 10 in Maces & Flails
  5772 | D:5      | Reached skill level 4 in Armour
  5772 | D:5      | Reached XP level 8. HP: 64/66 MP: 7/7
  6408 | D:6      | Noticed Blork the orc
  6460 | D:6      | Killed Blork the orc
  6583 | D:6      | Killed Pikel
  6583 | D:6      | Reached skill level 5 in Fighting
  6583 | D:6      | Reached skill level 5 in Armour
  6583 | D:6      | Reached skill level 5 in Shields
  6683 | D:6      | Got an encrusted plate armour
  6694 | D:6      | Identified the cursed +1 plate armour of Reitoza {rN+ Dex+2} (You found it on level 6 of the Dungeon)
  6829 | D:6      | Noticed Crazy Yiuf
  6843 | D:6      | Killed Crazy Yiuf
  6920 | D:6      | Found a blossoming altar of Fedhas.
  6993 | D:7      | Noticed ConnectionFaild's ghost (novice DDNe)
  7512 | D:7      | Reached XP level 9. HP: 75/75 MP: 8/8
  7597 | D:7      | Found a glowing silver altar of Zin.
  7598 | D:7      | Noticed an angel
  7764 | D:7      | Found a basalt altar of Yredelemnul.
  7857 | D:5      | Reached skill level 1 in Throwing
  7857 | D:5      | Reached skill level 6 in Armour
  7888 | D:4      | Found a staircase to the Ecumenical Temple.
  7897 | Temple   | Entered the Ecumenical Temple
  7916 | Temple   | Became a worshipper of Warmaster Okawaru
  8045 | D:4      | Noticed Jessica
  8046 | D:4      | Found a sparkling altar of Nemelex Xobeh.
  8047 | D:4      | Reached skill level 5 in Dodging
  8050 | D:4      | Killed Jessica
  8232 | D:7      | Killed ConnectionFaild's ghost
  8232 | D:7      | Reached * piety under Okawaru
  8330 | D:8      | Noticed Erolcha
  8344 | D:8      | Killed Erolcha
  8344 | D:8      | Reached skill level 7 in Armour
  8481 | D:8      | Reached ** piety under Okawaru
  8666 | D:8      | Reached XP level 10. HP: 80/88 MP: 11/11
  8725 | D:8      | Found a bloodstained altar of Trog.
  8942 | D:8      | Found a staircase to the Lair.
  9047 | D:9      | Reached skill level 8 in Armour
  9225 | D:9      | Noticed Tomstefer's ghost (novice VSMo)
  9241 | D:9      | Killed Tomstefer's ghost
  9435 | D:9      | Reached *** piety under Okawaru
  9589 | Lair:1   | Entered Level 1 of the Lair of Beasts
  9593 | Lair:1   | Reached skill level 1 in Evocations
  9682 | D:9      | Reached skill level 9 in Armour
  9690 | D:9      | Received a gift from Okawaru
  9811 | D:10     | Entered Level 10 of the Dungeon
  9962 | D:10     | Noticed Joseph
 10009 | D:10     | Killed Joseph
 10021 | D:10     | Noticed a hill giant
 10032 | D:10     | Killed a hill giant
 10084 | D:10     | Reached XP level 11. HP: 75/97 MP: 13/13
 10107 | D:10     | Reached **** piety under Okawaru
 10175 | D:10     | Noticed a hill giant
 10187 | D:10     | Killed a hill giant
 10639 | D:11     | Found a staircase to the Orcish Mines.
 10661 | D:11     | Noticed Harold
 10681 | D:11     | Killed Harold
 10681 | D:11     | Reached skill level 10 in Armour
 10703 | Orc:1    | Entered Level 1 of the Orcish Mines
 10784 | D:11     | Noticed Goblin1989's ghost (novice DsGl)
 10831 | D:11     | Killed Goblin1989's ghost
 11342 | D:11     | Noticed a six-headed hydra
 11681 | Lair:1   | Reached skill level 10 in Fighting
 11690 | Lair:1   | Reached ***** piety under Okawaru
 11690 | Lair:1   | Reached skill level 5 in Invocations
 11815 | Lair:1   | Received a gift from Okawaru
 12192 | Lair:1   | Reached XP level 12. HP: 86/106 MP: 13/15
 12264 | Lair:1   | Received a gift from Okawaru
 12715 | Lair:2   | Noticed a four-headed hydra
 12731 | Lair:2   | Killed a four-headed hydra
 12801 | Lair:2   | Reached skill level 11 in Armour
 12808 | Lair:2   | Reached skill level 5 in Throwing
 12839 | Lair:2   | Noticed a four-headed hydra
 12851 | Lair:2   | Killed a four-headed hydra
 12851 | Lair:2   | Reached skill level 10 in Dodging
 13564 | Lair:3   | Found a hole to the Spider Nest.
 13846 | Lair:3   | Noticed a four-headed hydra
 13857 | Lair:3   | Killed a four-headed hydra
 14243 | Lair:3   | Reached XP level 13. HP: 110/116 MP: 17/17
 14458 | Lair:4   | Received a gift from Okawaru
 14491 | Lair:4   | Received a gift from Okawaru
 15105 | Lair:4   | Reached skill level 12 in Armour
 15554 | Lair:5   | Found a labyrinth entrance.
 15768 | Lab      | Entered a labyrinth
 16592 | Lab      | Noticed a minotaur
 16619 | Lab      | Killed a minotaur
 16621 | Lab      | Got a scorched granite ring
 16638 | Lab      | Identified the Disquisition on Icy Beguiling
 16826 | Lair:1   | Identified the ring "Itias" {*Tele rElec Int+4} (You took it off a minotaur in a labyrinth)
 16984 | Lair:5   | Noticed Fabri's ghost (journeyman NaWz)
 17021 | Lair:5   | Killed Fabri's ghost
 17328 | Lair:5   | Received a gift from Okawaru
 17688 | Lair:5   | Received a gift from Okawaru
 17934 | Lair:6   | Received a gift from Okawaru
 18025 | Lair:6   | Reached XP level 14. HP: 127/127 MP: 16/19
 18059 | Lair:6   | Found a staircase to the Shoals.
 18369 | Lair:6   | You fall through a shaft!
 18646 | Lair:7   | Found a staircase to the Slime Pits.
 19157 | Lair:7   | Reached skill level 13 in Armour
 19716 | Lair:8   | Entered Level 8 of the Lair of Beasts
 19812 | Lair:8   | Received a gift from Okawaru
 19924 | Lair:8   | Reached skill level 5 in Evocations
 20514 | Lair:8   | Received a gift from Okawaru
 20539 | Lair:8   | Reached skill level 10 in Shields
 20551 | Lair:8   | Reached XP level 15. HP: 117/136 MP: 14/20
 20583 | Lair:8   | Received a gift from Okawaru
 20713 | Lair:8   | Got a scorched mace
 20717 | Lair:8   | Identified the +8 mace of the Red Skies {vamp, rElec MR- Dex+3} (You found it on level 8 of the Lair of Beasts)
 22308 | D:12     | Received a gift from Okawaru
 23029 | D:13     | Reached skill level 14 in Armour
 23261 | D:13     | Found Feoqau's Gadget Shop.
 23452 | D:13     | Found a gate to the Vaults.
 23891 | D:14     | Found a roughly hewn altar of Beogh.
 24265 | D:14     | Noticed Maud
 24297 | D:14     | Killed Maud
 24297 | D:14     | Received a gift from Okawaru
 24603 | D:14     | Noticed Nessos
 24618 | D:14     | Killed Nessos
 24670 | D:15     | Entered Level 15 of the Dungeon
 25080 | D:15     | Received a gift from Okawaru
 25343 | D:15     | Found a staircase to the Depths.
 25503 | D:15     | Reached XP level 16. HP: 147/147 MP: 21/21
 26062 | Orc:1    | Noticed Erica
 26078 | Orc:1    | Killed Erica
 26428 | Orc:1    | Found Gonaizacw's Book Emporium.
 26435 | Orc:1    | Found Zaru's General Store.
 26578 | Orc:2    | Entered Level 2 of the Orcish Mines
 26582 | Orc:2    | Found Popuin's Book Shop.
 26665 | Orc:2    | Found a staircase to the Elven Halls.
 26921 | Orc:2    | Found a runed door.
 27042 | Orc:2    | Found Omusseuw's General Store.
 27074 | Orc:2    | Found Ponag's Antique Weapon Emporium.
 27100 | Orc:2    | Reached skill level 15 in Armour
 27225 | Orc:2    | Found Qoejaac's Antique Armour Shop.
 27245 | Orc:2    | Bought the +0 mask of the Dragon {MR+ Slay+3 SInv} for 968 gold pieces
 27450 | Orc:2    | Reached skill level 15 in Maces & Flails
 28135 | Orc:2    | Found a roughly hewn altar of Beogh.
 28305 | Orc:2    | Bought a twisted cloak for 275 gold pieces
 28321 | Orc:2    | Identified the cursed +0 cloak "Qiamev" {Dex+2} (You bought it in a shop on level 2 of the Orcish Mines)
 28581 | Shoals:1 | Entered Level 1 of the Shoals
 28767 | Shoals:1 | Reached skill level 10 in Evocations
 29481 | Shoals:2 | Reached skill level 15 in Fighting
 30192 | Shoals:3 | Noticed Kirke
 30219 | Shoals:2 | Received a gift from Okawaru
 30360 | Shoals:3 | Killed Kirke
 30780 | Shoals:3 | Learned a level 1 spell: Apportation
 30786 | Shoals:4 | Entered Level 4 of the Shoals
 30786 | Shoals:4 | Found Umax's Antique Armour Boutique.
 30788 | Shoals:4 | Noticed Ilsuiw
 30813 | Shoals:3 | Received a gift from Okawaru
 30813 | Shoals:3 | Reached XP level 17. HP: 62/156 MP: 17/24
 31368 | Shoals:4 | Received a gift from Okawaru
 31575 | Shoals:4 | Received a gift from Okawaru
 31639 | Shoals:4 | Got a twitching marble ring
 31648 | Shoals:4 | Identified the ring of the Heavens {SustAt rF+} (You took it off a merfolk on level 4 of the Shoals)
 31656 | Shoals:4 | Got a scorched cloak {god gift}
 31667 | Shoals:4 | Identified the -2 cloak of the Beekeeper {rElec MR+ SInv} (Okawaru gifted it to you on level 4 of the Shoals)
 31713 | Shoals:4 | Killed Ilsuiw
 31788 | Shoals:3 | Reached skill level 16 in Armour
 31941 | Shoals:4 | Bought a pair of translucent boots for 351 gold pieces
 31950 | Shoals:4 | Identified the +3 pair of boots of Fore Okhetz {+Blink MR+} (You bought it in a shop on level 4 of the Shoals)
 32139 | Shoals:4 | Got a scorched steel ring
 32148 | Shoals:4 | Identified the ring of Yprit {rElec rN+ Stlth+} (You found it on level 4 of the Shoals)
 32376 | Shoals:4 | Got a faintly glowing ruby amulet
 32753 | Shoals:3 | Identified the amulet of Axukkim {Gourm rPois Int+4 Dex+4 SInv} (You took it off a centaur on level 4 of the Shoals)
 33477 | Shoals:4 | Got a barnacled rune of Zot
 33550 | Shoals:4 | Upgraded the game from 0.18-a0-1426-g3b9a63c to 0.18-a0-1435-gee79d65
 33824 | Spider:1 | Entered Level 1 of the Spider Nest
 35102 | Spider:1 | Received a gift from Okawaru
 35647 | Spider:2 | Reached XP level 18. HP: 147/168 MP: 26/26
 36767 | Spider:2 | Reached skill level 17 in Armour
 36809 | Spider:2 | Noticed Agnes
 36818 | Spider:2 | Killed Agnes
 37581 | Spider:2 | Received a gift from Okawaru
 38006 | Spider:3 | Got a faintly glowing garnet amulet
 38011 | Spider:3 | Identified the amulet of Semytef {Dismiss Dex+7} (You found it on level 3 of the Spider Nest)
 38543 | Spider:3 | Noticed Norris
 38567 | Spider:3 | Killed Norris
 38567 | Spider:3 | Received a gift from Okawaru
 39904 | Spider:4 | Entered Level 4 of the Spider Nest
 40353 | Spider:4 | Blown up by an orb spider

Vault maps used:
D:1:      minmay_arrival_three_doors
D:2:      kennysheep_goblin_castle, minmay_rat_gold_closets
D:3:      uniq_sigmund
D:4:      nicolae_qazlal_general_emergency, nemelex_lonely_heart_becter,
          uniq_natasha, uniq_grinder
D:5:      first_bread, kennysheep_generic_room_5
D:6:      fedhas_altar_4, uniq_pikel, uniq_crazy_yiuf_cottage,
          uniq_blork_the_orc
D:7:      zin_angel, kennysheep_mini_moat, nrook_mini_vaults
D:8:      lair_0_dummy, grunt_ogre_cave, trog_eyes_of_draining, uniq_erolcha
D:9:      tgw_xom
D:10:     uniq_joseph
D:11:     kennysheep_six_static_rooms, orc_0_dummy, uniq_harold
D:13:     erik_vaults_1, serial_shops, shop
D:14:     minmay_staircase_bubble, special_room, uniq_nessos, uniq_maud
D:15:     grunt_enter_depths_hoard, lemuel_statue_altar
Temple:   lightli_temple_of_artemis
Lair:3:   spider_nest_entry_rubble, lemuel_fruit_tree
Lair:4:   st_stairs_10, minmay_stone_trees_small, grunt_megastairs_4
Lair:5:   lab_entry_generic
Lair:6:   minmay_shoals_entry_beasts, st_stairs_5, infiniplex_staircase_pool_2,
          serial_bayou_shore_a, grunt_megastairs_5
Lair:7:   minmay_slime_entry_jelly_boxes, minivault_19
Lair:8:   evilmike_catoblepas_cave, infiniplex_staircase_pool
Shoals:2: st_cyclops
Shoals:3: nicolae_shoals_island_circles, uniq_kirke
Shoals:4: shoals_end_simple, shoals_ilsuiw_ice, serial_shops,
          nicolae_shop_overgrown_old_shop, nicolae_shoals_hunting_party
Spider:1: nicolae_looking_at_the_future
Spider:2: spider_temple_joshua, uniq_agnes
Spider:3: spider_trap, hangedman_spider_mandibles,
          nicolae_spider_webs_and_nodes, nicolae_spider_nook, uniq_norris
Spider:4: floodkiller_spider_rune_tomb, nicolae_spider_ant_collections
Orc:1:    serial_shops, shop, nicolae_shop_window_shopping, uniq_erica
Orc:2:    grunt_orc_gardens, grunt_orc_garden, grunt_orc_garden,
          grunt_orc_garden, grunt_orc_garden, lightli_church_of_beogh
Lab:      nicolae_lab_dead_adventurers, nicolae_lab_big_swirl

Skill      XL: |  1  2  3  4  5  6  7  8  9 10 11 12 13 14 15 16 17 18 |
---------------+-------------------------------------------------------+-----
Maces & Flails | 3 4 6 7 8 10 11 12 13 14 15 16 | 16.3
Dodging        | 1 2 4 6 8 9 10 11 12 13 14 | 14.5
Shields        | 4 6 8 10 | 10.1
Fighting       | 4 5 7 9 10 11 12 13 14 15 16 | 16.5
Armour         | 4 5 7 9 10 11 12 13 14 15 16 17 | 17.0
Throwing       | 2 4 6 7 8 |  8.2
Invocations    | 3 4 5 6 8 9 |  9.0
Evocations     | 3 4 5 9 11 12 13 | 13.5

Action                   |  1- 3 |  4- 6 |  7- 9 | 10-12 | 13-15 | 16-18 || total
-------------------------+-------+-------+-------+-------+-------+-------++-------
Melee: Whip              |   136 |   211 |   139 |   708 |  1859 |  1240 ||  4293
       Mace              |       |    12 |   160 |    35 |    49 |       ||   256
       Great mace        |       |       |       |       |       |   437 ||   437
Throw: Stone             |       |     8 |     2 |       |       |       ||    10
       Javelin           |       |       |    28 |    18 |     4 |   172 ||   222
Invok: Heroism           |       |       |     2 |    31 |    46 |    33 ||   112
       Finesse           |       |       |       |       |    19 |    18 ||    37
 Abil: Evoke Blink       |       |       |       |       |       |     2 ||     2
Evoke: Wand              |       |       |     1 |       |     5 |     9 ||    15
  Use: Scroll            |       |     4 |     6 |    12 |    12 |    21 ||    55
       Potion            |       |     1 |     2 |       |     2 |     5 ||    10
 Stab: Distracted        |       |       |       |       |     1 |       ||     1
       Held in net/web   |       |       |       |       |       |     2 ||     2
  Eat: Chunk             |     2 |     8 |    13 |    20 |    36 |    41 ||   120
       Fruit             |       |       |     1 |       |     2 |     1 ||     4
       Pizza             |       |       |     1 |       |     2 |     1 ||     4
       Bread ration      |       |       |       |       |     1 |     1 ||     2
       Royal jelly       |       |       |       |       |     1 |     1 ||     2
       Meat ration       |       |       |       |       |       |     1 ||     1
       Beef jerky        |       |       |       |       |       |     1 ||     1
